 Dungeon Crawl Stone Soup version 0.27-a0-170-g607d9e9d85 (webtiles) character file.

Game seed: 6038351918766935242

93 foci the Shield-Bearer (level 4, -8/28 HPs)
             Began as a Gargoyle Fighter on Jan 29, 2021.
             Mangled by an orc warrior
             ... wielding a +1 halberd of venom
              (23 damage)
             ... on level 3 of the Dungeon.
             The game lasted 00:02:17 (1674 turns).

foci the Shield-Bearer (Gargoyle Fighter)           Turns: 1674, Time: 00:02:18

Health: -8/28      AC: 10    Str: 21    XL:     4   Next: 62%
Magic:  4/4        EV:  7    Int:  8    God:
Gold:   143        SH:  9    Dex:  9    Spells: 3/3 levels left

rFire    . . .     SeeInvis .   a - +0 war axe
rCold    . . .     Faith    .   c - +0 kite shield
rNeg     + . .     Spirit   .   b - +0 scale mail
rPois    ∞         Reflect  .   (no helmet)
rElec    +         Harm     .   (no cloak)
rCorr    .         Rampage  .   (no gloves)
Will     .....                  (no boots)
Stlth    ..........             (no amulet)
HPRegen  0.09/turn              (no ring)
MPRegen  0.09/turn              (no ring)

@: no status effects
A: negative energy resistance 1, electricity resistance, unbreathing,
petrification resistance, miasma immunity, AC +3
a: no special abilities


You were on level 3 of the Dungeon.
You visited 1 branch of the dungeon, and saw 3 of its levels.

You collected 143 gold pieces.

Inventory:

Hand Weapons
 a - a +0 war axe (weapon)
Missiles
 m - 5 silver javelins (quivered)
Armour
 b - a +0 scale mail (worn)
 c - a +0 kite shield (worn)
Jewellery
 j - an uncursed amulet of regeneration {unknown}
 l - a cursed ring of teleportation {unknown}
 o - an uncursed amulet of faith {unknown}
Scrolls
 g - 3 scrolls of teleportation {unknown}
 h - a scroll of noise {unknown}
 i - 2 scrolls of identify {unknown}
 k - a scroll of fear {unknown}
 p - a scroll of enchant weapon {unknown}
 q - a scroll of immolation {unknown}
Potions
 d - 3 potions of might
 e - a potion of resistance {unknown}
 f - 5 potions of curing {unknown}
 n - a potion of heal wounds {unknown}


   Skills:
 + Level 3.6 Fighting
 + Level 3.2 Axes
 + Level 3.6 Armour
 + Level 0.3 Dodging
 + Level 3.9 Shields


You had 3 spell levels left.
You didn't know any spells.
Your spell library was empty.

Dungeon Overview and Level Annotations

Branches:
Dungeon (3/15)

Altars:
Makhleb
Wu Jian


Innate Abilities, Weirdness & Mutations

You are resistant to torment.
Your stone body is resilient. (AC +3)
You are immune to poison.
You resist negative energy. (rN+)
You are resistant to electric shocks. (rElec)
You can survive without breathing.
You are immune to petrification.
You are immune to miasma.


Message History

You hit the rat but do no damage.
The rat bites you but does no damage. x2
You slash the rat!
You kill the rat!
You see here a rat corpse.
An orc and an orc warrior come into view.
The orc warrior is wielding a +1 halberd of venom.
The orc warrior shouts!
Found a short sword.
An orc wizard comes into view.
It is wielding a +2 dagger of electrocution.
The orc wizard shouts!
A giant cockroach comes into view.
The orc warrior hits you from afar with a +1 halberd of venom.
Found a stone staircase leading down.
You barely miss the orc wizard. The orc wizard casts a spell at you.
The magic dart hits you! The orc warrior closely misses you.
You block the orc wizard's attack.
The orc warrior hits you from afar with a +1 halberd of venom!!
Ouch! That really hurt!
You die...

###'#.....#<##.#
#.......#.#.##.#
##.......#.#....#
#........#.######
#...######.....#
#)..# #####.# .##
#...# #.#
....B#########
#.#
>.)..oo@.....##
#.#
###...o##.....#
#.# +....
#.....#######.#
#....
#.....'.......#
......
#....†#########
.....## #.....#
#..## #.....# #..
#######


You could see an orc warrior, an orc wizard, an orc and a giant cockroach.

Vanquished Creatures
  4 adders
  An ooze (D:2)
  2 worms (D:2)
  2 dart slugs (D:1)
  2 bats
  4 giant cockroaches
  10 goblins
  4 hobgoblins (D:1)
  4 kobolds
  A quokka (D:2)
  A ball python (D:2)
  2 frilled lizards (D:2)
  5 rats
42 creatures vanquished.

Notes
Turn   | Place    | Note
-------+----------+-------------------------------------------
     0 | D:1      | foci the Gargoyle Fighter began the quest for the Orb.
     0 | D:1      | Reached XP level 1. HP: 14/14 MP: 1/1
   157 | D:1      | Reached XP level 2. HP: 17/19 MP: 2/2
   514 | D:1      | Reached XP level 3. HP: 23/23 MP: 3/3
   899 | D:2      | Found a burning altar of Makhleb.
  1201 | D:2      | Reached XP level 4. HP: 19/28 MP: 4/4
  1349 | D:2      | Found an ornate altar of the Wu Jian Council.
  1671 | D:3      | Noticed an orc warrior
  1674 | D:3      | Mangled by an orc warrior

Illustrated notes

Levels and vault maps discovered:
D:1:      saegor_arrival_simple_a, layout_loops_cross
D:2:      layout_loops_ring, nzn_wu_jian_council_hall, lemuel_doored_altar,
          chequers_serial_rivers_micro_e, corexii_shack
D:3:      layout_basic

Skill      XL: |  1  2  3  4 |
---------------+-------------+-----
Axes           | 2 3 |  3.2
Fighting       | |  3.6
Armour         | |  3.6
Dodging        | |  0.3
Shields        | |  3.9

Action                   |  1- 3 |  4- 6 || total
-------------------------+-------+-------++-------
Melee: War axe           |   118 |    34 ||   152
Armor: Scale mail        |    62 |    17 ||    79
Dodge: Dodged            |    33 |    13 ||    46
Block: Kite shield       |    70 |    28 ||    98

Table legend: (Time is in decaauts)
 A = Elapsed time spent in this place.
 B = Non-inter-level travel time spent in this place.
 C = Inter-level travel time spent in this place.
 D = Time resting spent in this place.
 E = Time spent auto-exploring this place.
 F = Levels seen in this place.
 G = Mean time per level.
                   A        B        C        D        E       F      G
               +--------+--------+--------+--------+--------+-----+--------+
         Total |   1766 |   1718 |     48 |      0 |   1250 |   3 |  588.7 |
       Dungeon |   1766 |   1718 |     48 |      0 |   1250 |   3 |  588.7 |
               +--------+--------+--------+--------+--------+-----+--------+

Top non-repeatable levels by time:
     D:2: 927 daAuts
     D:1: 727 daAuts
     D:3: 111 daAuts
